 Dungeon Crawl Stone Soup version 0.25.1-2-g60ff931df9 (webtiles) character file.

Game seed: 2126261101823786140

25 Joeren the Firebug (level 3, 0/24 HPs)
             Began as a Formicid Fire Elementalist on Aug 26, 2020.
             Killed from afar by an orc wizard (13 damage)
             ... with a puff of flame
             ... on level 3 of the Dungeon.
             The game lasted 00:06:58 (1596 turns).

Joeren the Firebug (Formicid Fire Elementalist)     Turns: 1596, Time: 00:06:59

Health: 0/24       AC:  2    Str: 12    XL:     3   Next: 20%
Magic:  1/7        EV: 12    Int: 15    God:
Gold:   81         SH:  0    Dex: 11    Spells: 6/7 levels left

rFire    . . .     SeeInvis +   n - +0 dagger
rCold    . . .     Gourm    .   (no shield)
rNeg     . . .     Faith    .   a - +0 robe
rPois    .         Spirit   .   (helmet unavailable)
rElec    .         Reflect  .   (no cloak)
rCorr    .         Harm     .   (no gloves)
MR       .....                  (no boots)
Stlth    ++........             (no amulet)
HPRegen  0.08/turn              (no ring)
MPRegen  0.10/turn              (no ring)

@: no status effects
A: permanent stasis, dig shafts and tunnels, four strong arms, antennae 3
a: Dig, Shaft Self


You were on level 3 of the Dungeon.
You were hungry.

You visited 1 branch of the dungeon, and saw 3 of its levels.

You collected 81 gold pieces.

Inventory:

Hand Weapons
 l - a +0 dagger
 n - a +0 dagger (weapon)
Missiles
 h - 12 poisoned darts (quivered)
 m - 40 stones
Armour
 a - a +0 robe (worn)
 p - a scarf of harm
Jewellery
 e - a +4 ring of evasion {unknown}
Wands
 q - a wand of paralysis (14)
Scrolls
 b - a scroll of remove curse {unknown}
 f - a scroll of magic mapping {unknown}
 g - a scroll of blinking {unknown}
 i - 2 scrolls of identify {unknown}
 k - 2 scrolls of teleportation {unknown}
 s - a scroll of enchant armour {unknown}
Potions
 d - a potion of mutation {unknown}
 j - a potion of haste {unknown}
 o - a potion of curing {unknown}
 r - a potion of stabbing {unknown}
Comestibles
 c - 3 rations
 t - a chunk of flesh


   Skills:
 - Level 1.7 Dodging
 - Level 2.4 Stealth
 + Level 2.7 Spellcasting
 + Level 1.6 Conjurations
 + Level 3.3 Fire Magic


You had 6 spell levels left.
You knew the following spells:

 Your Spells              Type           Power        Failure   Level  Hunger
a - Foxfire               Conj/Fire      #...         8%          1    #......

Your spell library contained the following spells:

 Spells                   Type           Power        Failure   Level  Hunger
 Conjure Flame            Conj/Fire      #.......     22%         3    ###....
 Inner Flame              Hex/Fire       #.......     30%         3    ###....
 Sticky Flame             Conj/Fire      #.......     58%         4    #####..
 Fireball                 Conj/Fire      #.........   90%         5    ######.


Dungeon Overview and Level Annotations

Branches:
Dungeon (3/15)

Altars:


Innate Abilities, Weirdness & Mutations

You cannot be hasted, slowed, berserked, paralysed or teleported.
You can dig through walls and to a lower floor.
Your four strong arms can wield two-handed weapons with a shield.
You have a pair of large antennae on your head. (SInv)


Message History

The gnoll is heavily wounded.
The gnoll closely misses you.
Casting: Foxfire (safe; 8% risk of failure)
Confirm with . or Enter, or press ? or * to list all spells.
You conjure some foxfire!
The gnoll closely misses you.
Your foxfire dissipates!
The foxfire hits the gnoll.
The gnoll is severely wounded.
The gnoll hits you from afar with a +0 spear!
There is a stone staircase leading down here.
The gnoll barely misses you.
You climb downwards. 4 orcs and an orc wizard come into view.
There is a stone staircase leading up here.
The orc shouts!
The orc wizard shouts!
The orc shouts! x2
The orc throws a boomerang.
The boomerang closely misses you.
The orc wizard gestures at you while chanting.
The puff of flame hits you!
Ouch! That really hurt!
You die...

{ # o#
####.o#
#.@...#
#....o#
#....o#
#....o#
......#
.......#
.......#
........#


You could see an orc wizard and 4 orcs.

Vanquished Creatures
  2 dart slugs
  3 bats (D:1)
  A giant cockroach (D:1)
  4 hobgoblins
  4 jackals
  2 kobolds (D:1)
  A quokka (D:2)
  A rat (D:1)
18 creatures vanquished.

Vanquished Creatures (others)
  53 foxfires
53 creatures vanquished.

Grand Total: 71 creatures vanquished

Notes
Turn   | Place    | Note
-------+----------+-------------------------------------------
     0 | D:1      | Joeren the Formicid Fire Elementalist began the quest for
                  | the Orb.
     0 | D:1      | Reached XP level 1. HP: 13/13 MP: 3/3
   126 | D:1      | Reached skill level 1 in Conjurations
   557 | D:1      | Reached XP level 2. HP: 9/19 MP: 0/5
  1500 | D:2      | Reached XP level 3. HP: 24/24 MP: 1/6
  1596 | D:3      | Killed from afar by an orc wizard

Illustrated notes

Levels and vault maps discovered:
D:1:      lemuel_arrival_behind_the_door_large, layout_basic
D:2:      layout_loops_ring, minmay_overflow_temple_hex
D:3:      layout_basic

Skill      XL: |  1 |
---------------+----+-----
Conjurations   | 1 |  1.6
Dodging        | |  1.7
Stealth        | |  2.4
Spellcasting   | |  2.7
Fire Magic     | |  3.3

Action                   || total
-------------------------++-------
Melee: Unarmed           ||    22
       Dagger            ||     1
 Cast: Foxfire           ||    39
  Eat: Chunk             ||     2
Armor: Robe              ||     9
Dodge: Dodged            ||    39
